 Dungeon Crawl Stone Soup version 0.30-a0-1160-g6e42c06551 (webtiles) character file.

Game seed: 2514741505059123211

747 olmar the Cudgeller (level 7, -12/44 HPs)
             Began as a Gargoyle Fighter on Apr 26, 2023.
             Killed by divine providence
             ... invoked by an orc priest
              (13 damage)
             ... on level 5 of the Dungeon.
             The game lasted 00:05:59 (3508 turns).

olmar the Cudgeller (Gargoyle Fighter)              Turns: 3508, Time: 00:06:01

Health: -12/44     AC: 12    Str: 31    XL:     7   Next: 77%
Magic:  7/7        EV: 11    Int:  8    God:
Gold:   303        SH:  4    Dex:  9    Spells: 6/6 levels left

rFire   + . .        u - +5 mace
rCold   . . .        c - +0 buckler
rNeg    + . .        h - +1 ring mail {rF+}
rPois   ∞            (no helmet)
rElec   +            (no cloak)
rCorr   +            (no gloves)
SInv    .            (no boots)
Will    .....        m - amulet of magic regeneration
Stlth   +            j - +6 ring of strength
HPRegen 0.27/turn    l - ring of Girosmed {rPois rCorr Str+3}
MPRegen 0.50/turn

%: no passive effects
@: no status effects
A: sickness immunity, AC +4, negative energy resistance 1, electricity
resistance, torment resistance 1, petrification resistance
a: no special abilities


You were on level 5 of the Dungeon.
You visited 1 branch of the dungeon, and saw 5 of its levels.

You collected 303 gold pieces.

Inventory:

Hand Weapons
 a - a +0 flail
 d - a +2 dire flail of holy wrath
 u - a +5 mace (weapon)
 v - a +2 mace of holy wrath
Armour
 b - a +0 scale mail
 c - a +0 buckler (worn)
 h - a +1 ring mail of fire resistance (worn)
 r - the +0 scale mail of Puarghye {Harm Int+3}
   (You found it on level 3 of the Dungeon)

   Int:       It affects your intelligence (+3).
   Harm:      It increases damage dealt and taken.
 x - a +0 pair of boots
Jewellery
 j - a +6 ring of strength (left hand)
 l - the ring of Girosmed (right hand) {rPois rCorr Str+3}
   (You found it on level 2 of the Dungeon)

   [ring of poison resistance]

   Str:       It affects your strength (+3).
   rPois:     It protects you from poison.
   rCorr:     It protects you from acid and corrosion.
 m - an amulet of magic regeneration (around neck)
 s - a ring of protection from cold
Wands
 f - a wand of digging (3)
Scrolls
 e - a scroll of fear
 i - 2 scrolls of silence
 k - a scroll of blinking
 o - a scroll of poison
 p - 2 scrolls of teleportation
 q - a scroll of enchant armour {unknown}
 t - a scroll of amnesia {unknown}
 w - a scroll of vulnerability {unknown}
Potions
 g - a potion of mutation
 n - a potion of attraction
 B - a potion of heal wounds {unknown}


   Skills:
 + Level 5.0 Fighting
 + Level 5.4 Maces & Flails
 + Level 5.4 Armour
 + Level 1.7 Dodging
 + Level 0.4 Stealth
 + Level 4.5 Shields


You had 6 spell levels left.
You didn't know any spells.
Your spell library contained the following spells:

 Spells                   Type           Power      Damage    Failure   Level
 Magic Dart               Conj           0%         1d3       56%         1
 Blink                    Tloc           0%         N/A       71%         2
 Call Imp                 Summ           0%         N/A       71%         2
 Lesser Beckoning         Tloc           0%         N/A       71%         2
 Momentum Strike          Conj/Tloc      0%         3d8       71%         2
 Dazzling Flash           Conj/Hex       0%         N/A       90%         3
 Mephitic Cloud           Conj/Pois/Air  0%         N/A       90%         3
 Agony                    Necr           0%         N/A       100%        5
 Silence                  Hex/Air        0%         N/A       100%        5


Dungeon Overview and Level Annotations

Branches:
Dungeon (5/15)
 Temple: D:4-7

Altars:
Zin

Shops:
D:1 [   D:3 *


Innate Abilities, Weirdness & Mutations

You are immune to sickness and miasma.
Your stone body is resilient. (AC +4)
You are immune to poison.
You resist negative energy. (rN+)
You are resistant to electric shocks. (rElec)
You are resistant to unholy torment.
You are immune to petrification.


Message History

g - Guard the area. f - Follow me.
Anything else - Cancel.
You shout for attention!
Something hits you. What are your orders? t - Shout!
Orders for allies: a - Attack new target. r - Retreat! s - Stop attacking. g - Guard the area. f - Follow me.
Anything else - Cancel.
You shout for attention!
You hear some strange, mumbled words.
Something tries to affect you, but you resist.
You hit something. Something hits you but does no damage.
You closely miss something. Something hits you.
You sock something!
Reactivating autopickup.
You feel a bit more experienced.
You completely miss the orc. The orc hits you but does no damage.
The orc barely misses you.
You barely miss the orc. The orc barely misses you.
You barely miss the orc. You block the orc's attack.
You sock the orc!
You kill the orc!
You thump the orc!
You kill the orc!
You barely miss the orc. You block the orc's attack.
You thump the orc!
You kill the orc!
You closely miss the ice beast. The ice beast misses you.
The ice beast hits you. The ice beast freezes you!
* * * LOW HITPOINT WARNING * * *
You feel better. The ice beast barely misses you.
It was a potion of magic.
Magic courses through your body. The ice beast hits you.
* * * LOW HITPOINT WARNING * * *
The ice beast freezes you!
* * * LOW HITPOINT WARNING * * *
The orc priest invokes the aid of Beogh against you.
Beogh smites you!
You die...

### ##.## ###
########.#.#####.##
##
......>.###.......#
$..
.######..#.#####.##
.... #.## #.#)##
#@# >.... ##.#
#.#.# #Y####Y.....
#..# #.#.#
#o..ooo<....
.#.####.#.##
######o..[#.
...........## ..##
#...O.......# ##
#.####.......# #.#
#...#.#.# #.#
#........


You could see an ice beast and an orc priest.

Vanquished Creatures
  An ogre (D:5)
  A phantom (D:4)
  Blork the orc (D:4)
  2 hounds
  An orc priest (D:4)
  2 sleepcaps
  Natasha (thrice) (D:4)
  An iguana (D:5)
  4 orc wizards
  4 adders
  3 ufetubi
  A worm (D:2)
  A dart slug (D:5)
  20 orcs
  9 ball pythons
  3 bats (D:2)
  9 endoplasms
  5 giant cockroaches
  10 hobgoblins
  6 jackals
  6 quokkas
  3 frilled lizards
  5 goblins
  15 kobolds
  5 rats
121 creatures vanquished.

Notes
Turn   | Place    | Note
-------+----------+-------------------------------------------
     0 | D:1      | olmar the Gargoyle Fighter began the quest for the Orb.
     0 | D:1      | Reached XP level 1. HP: 14/14 MP: 1/1
   289 | D:1      | Reached XP level 2. HP: 19/19 MP: 2/2
   335 | D:1      | Found Oblumophyb's Armour Shoppe.
   836 | D:2      | Reached XP level 3. HP: 24/24 MP: 3/3
  1038 | D:2      | Identified the ring of Girosmed {rPois rCorr Str+3}
  1083 | D:2      | Reached XP level 4. HP: 27/29 MP: 4/4
  1225 | D:2      | Found a glowing silver altar of Zin.
  1398 | D:3      | Identified the +0 scale mail of Puarghye {Harm Int+3}
  1616 | D:3      | Identified the +1 dagger "Batougir" {freeze, rElec Str-2
                  | Int+3}
  1729 | D:3      | Reached skill level 1 in Dodging
  1735 | D:3      | Found Titumic's General Store.
  2093 | D:4      | Reached XP level 5. HP: 25/33 MP: 5/5
  2205 | D:4      | Noticed Blork the orc
  2215 | D:4      | Killed Blork the orc
  2263 | D:4      | Noticed Natasha
  2273 | D:4      | Killed Natasha
  2275 | D:4      | Reached XP level 6. HP: 26/38 MP: 6/6
  2925 | D:4      | Noticed Natasha
  2933 | D:4      | Killed Natasha
  3026 | D:5      | Entered Level 5 of the Dungeon
  3081 | D:4      | Noticed Natasha
  3085 | D:4      | Reached skill level 5 in Maces & Flails
  3085 | D:4      | Reached XP level 7. HP: 41/44 MP: 7/7
  3089 | D:4      | Killed Natasha
  3125 | D:5      | Reached skill level 5 in Armour
  3463 | D:5      | Identified the +7 war axe of Aciruug {heavy, rN+ rCorr
                  | Str+2 SInv}
  3489 | D:5      | Reached skill level 5 in Fighting
  3508 | D:5      | HP: 1/44 [ice beast (10)]
  3508 | D:5      | Killed from afar by an orc priest

Illustrated notes

Levels and vault maps discovered:
D:1:      dreamdust_arrival_beginning_and_end, layout_basic, serial_shops,
          nicolae_shop_rolling_square
D:2:      layout_rooms, basic_altar, kennysheep_generic_room_16
D:3:      layout_loops_cross, serial_shops, nicolae_square_shop,
          saegor_snake_ambush
D:4:      layout_gridville, minmay_misc_feat_iff, minmay_three_crescents,
          uniq_blork_the_orc, uniq_natasha
D:5:      layout_loops_ring, kennysheep_mini

Skill      XL: |  1  2  3  4  5  6  7 |
---------------+----------------------+-----
Maces & Flails | 3 4 5 |  5.4
Dodging        | 1 |  1.7
Fighting       | 4 5 |  5.0
Armour         | 4 5 |  5.4
Shields        | 4 |  4.5
Stealth        | |  0.4

Action                     |  1- 3 |  4- 6 |  7- 9 || total
---------------------------+-------+-------+-------++-------
  Melee: Flail             |   137 |    71 |       ||   208
         Mace              |       |   125 |    49 ||   174
    Use: Potion            |       |     2 |     2 ||     4
         Scroll            |       |     6 |     1 ||     7
 Armour: Scale mail        |    12 |       |       ||    12
         Ring mail         |    59 |   114 |    10 ||   183
  Dodge: Dodged            |    71 |   136 |    15 ||   222
  Block: Buckler           |    28 |    57 |    11 ||    96

Table legend: (Time is in decaauts)
 A = Elapsed time spent in this place.
 B = Non-inter-level travel time spent in this place.
 C = Inter-level travel time spent in this place.
 D = Time resting spent in this place.
 E = Time spent auto-exploring this place.
 F = Levels seen in this place.
 G = Mean time per level.
                   A        B        C        D        E       F      G
               +--------+--------+--------+--------+--------+-----+--------+
         Total |   3638 |   3548 |     90 |    368 |   2242 |   5 |  727.6 |
       Dungeon |   3638 |   3548 |     90 |    368 |   2242 |   5 |  727.6 |
               +--------+--------+--------+--------+--------+-----+--------+

Top non-repeatable levels by time:
     D:4: 1061 daAuts
     D:1: 855 daAuts
     D:3: 677 daAuts
     D:2: 592 daAuts
     D:5: 451 daAuts
